Map: Nightscape LE

Players

qqq - Winner!

  • Race: Zerg Zerg
  • League: Platinum
  • Spawn Location: 1:00

Massa - Winner!

  • Race: Terran Terran
  • League: Platinum
  • Spawn Location: 1:00

Llurien

  • Race: Protoss Protoss
  • Spawn Location: 7:00

magg

  • Race: Terran Terran
  • League: Platinum
  • Spawn Location: 7:00

VOD

Have the link to the VOD?

Description

Time

  • Played on: Jan. 7, 2021, 3:12 p.m.
  • Length: 9:17
Show
View Real Time Build Order
Export as new Build Order

qqq Zerg - Winner!

Build Orders: Hatch First, Zergling Baneling 

Get SALT Encoding   

  12  0:00  Drone  
  13  0:10  Drone  
  14  0:19  Overlord  
  14  0:46  Drone  
  16  0:50  Drone, Hatchery  
  16  0:54  Drone  
  16  1:01  Drone  
  17  1:08  Drone  
  18  1:19  Spawning Pool  
  17  1:27  Drone  
  17  1:29  Extractor  
  17  1:45  Drone x2  
  19  1:53  Drone  
  20  2:08  Queen  
  19  2:09  Queen  
  19  2:10  Extractor  
  19  2:11  Drone  
  19  2:12  Drone  
  19  2:13  Zergling x2  
  25  2:20  Drone  
  26  2:27  Overlord  
  26  2:31  Drone, Baneling Nest  
  26  2:37  Drone  
  26  2:38  Drone  
  28  2:46  Drone  
  28  2:51  Drone  
  30  2:54  Metabolic Boost  
  30  2:56  Drone  
  30  2:57  Drone  
  32  3:06  Zergling x2  
  32  3:07  Zergling x2  
  34  3:19  Zergling x2  
  36  3:20  Zergling x2  
  36  3:21  Overlord x2  
  36  3:25  Baneling x5  
  36  3:26  Baneling  
  36  3:37  Overlord  
  36  3:40  Zergling x4  
  36  3:41  Zergling x4  
  40  3:48  Zergling x4  
  42  3:49  Zergling x2  
  42  3:51  Zergling x2  
  42  3:54  Zergling x2  
  45  3:55  Zergling x2  
  45  3:58  Drone  
  45  4:00  Zergling x2  
  48  4:07  Baneling x3  
  48  4:08  Baneling x4  
  48  4:11  Zergling x2  
  48  4:15  Zergling x2  
  48  4:16  Zergling x2  
  49  4:36  Zergling x4  
  49  4:37  Zergling x8  
  56  4:38  Zergling x6  
  56  4:39  Zergling x2  
  53  5:03  Zergling x4  
  53  5:04  Zergling x6  
  58  5:07  Baneling x3  
  58  5:08  Baneling x8  
  58  5:09  Baneling x2  
  58  5:10  Baneling x2  
  58  5:12  Zergling x2  
  59  5:20  Spore Crawler  
  40  5:58  Zergling x4  
  40  5:59  Zergling x8  
  40  6:00  Zergling x6  
  40  6:01  Zergling x8  
  40  6:02  Baneling x5  
  40  6:03  Baneling x5  
  53  6:06  Zergling x2  
  52  6:15  Zergling x2  
  52  6:17  Lair  
  46  6:40  Spore Crawler  
  46  6:41  Drone x2  
  46  6:42  Drone x3, Spore Crawler  
  46  6:45  Spore Crawler  
  46  6:46  Spore Crawler x2  
  46  6:48  Extractor  
  46  6:51  Drone  
  46  7:03  Queen  
  46  7:05  Zergling x4  
  50  7:13  Drone x2  
  52  7:18  Overlord  
  52  7:33  Spire  
  52  7:34  Overlord  
  51  7:37  Drone  
  52  7:44  Spore Crawler  
  52  7:49  Drone  
  52  7:52  Queen, Overlord  
  52  7:53  Overlord  
  54  8:01  Drone x3  
  54  8:02  Drone  
  58  8:13  Drone x2  
  58  8:18  Extractor  
  59  8:21  Drone x3  
  62  8:38  Overlord x2  
  62  8:40  Drone x2  
  64  8:50  Mutalisk x2  
  64  8:51  Mutalisk  
Show
View Real Time Build Order
Export as new Build Order

Massa Terran - Winner!

Build Orders: 1/1/1, Banshee Rush 

Get SALT Encoding   

  12  0:00  SCV  
  13  0:12  SCV  
  14  0:22  Supply Depot  
  14  0:25  SCV  
  15  0:32  Refinery  
  15  0:44  SCV, Barracks  
  16  0:56  SCV  
  17  0:58  Refinery  
  17  1:08  SCV  
  18  1:20  SCV  
  19  1:32  SCV, Factory  
  20  1:37  Reaper  
  21  1:46  Orbital Command  
  21  2:17  Starport  
  21  2:19  Starport  
  21  2:23  Supply Depot  
  21  2:30  Supply Depot  
  21  2:38  Widow Mine  
  23  2:50  Marine  
  24  2:53  Starport Tech Lab  
  24  2:56  Starport Tech Lab  
  24  3:00  SCV  
  25  3:16  Banshee  
  25  3:17  Banshee  
  31  3:30  Cloaking Field  
  31  3:52  SCV  
  32  3:59  Banshee, Command Center  
  32  4:00  Viking  
  34  4:33  Banshee  
  37  4:46  Viking  
  36  5:18  Banshee x2  
  39  6:01  SCV  
  37  6:14  SCV  
  36  6:25  Viking x2  
  38  6:26  SCV  
  38  6:32  Orbital Command  
  39  6:36  Barracks  
  39  6:38  SCV  
  40  6:45  Barracks  
  40  6:46  Barracks  
  40  6:48  Barracks  
  40  6:51  Supply Depot  
  34  7:13  Supply Depot  
  34  7:19  Widow Mine  
  34  7:20  Marine  
  37  7:24  Marine  
  38  7:35  SCV x2, Barracks  
  38  7:36  Supply Depot  
  40  7:38  Marine  
  40  7:41  Widow Mine  
  40  7:42  Marine  
  44  7:47  SCV x2  
  46  7:56  Marine x4  
  50  8:00  Marine, Supply Depot  
  49  8:10  Factory Tech Lab  
  47  8:14  SCV x2, Marine x3  
  47  8:18  Barracks Tech Lab, Marine  
  53  8:23  Supply Depot  
  53  8:24  Engineering Bay  
  53  8:25  Engineering Bay  
  53  8:26  SCV x2  
  55  8:27  Armory  
  55  8:30  Marine  
  55  8:32  Cyclone, Marine x2  
  61  8:36  Barracks Tech Lab  
  61  8:38  SCV x2  
  61  8:39  Marine x2  
  65  8:46  Supply Depot  
  65  8:48  Marine  
  66  8:49  Marine  
  66  8:50  SCV  
Show
View Real Time Build Order
Export as new Build Order

Llurien Protoss 

Build Orders:  

Get SALT Encoding   

  12  0:00  Probe  
  13  0:12  Probe  
  14  0:19  Pylon  
  14  0:25  Probe  
  15  0:37  Probe  
  15  0:39  Gateway  
  16  0:45  Assimilator  
  16  0:49  Assimilator  
  16  0:51  Probe (Chrono Boost)  
  17  1:03  Probe (Chrono Boost)  
  18  1:09  Probe (Chrono Boost)  
  19  1:21  Probe  
  20  1:28  Cybernetics Core  
  20  1:32  Pylon  
  20  1:33  Probe (Chrono Boost)  
  21  1:45  Probe (Chrono Boost)  
  22  1:55  Probe  
  23  2:23  Pylon  
  23  2:29  Probe  
  24  2:45  Nexus  
  24  2:48  Pylon  
  23  2:52  Stargate  
  23  2:55  Stargate  
  23  3:04  Probe  
  24  3:14  Shield Battery  
  24  3:20  Probe (Chrono Boost)  
  24  3:22  Forge  
  25  3:31  Probe (Chrono Boost)  
  26  3:48  Probe  
  27  3:55  Shield Battery  
  27  3:56  Void Ray (Chrono Boost)  
  27  4:00  Probe  
  27  4:01  Photon Cannon  
  32  4:08  Probe, Photon Cannon  
  33  4:12  Probe  
  34  4:20  Probe  
  35  4:29  Void Ray (Chrono Boost)  
  35  4:44  Void Ray (Chrono Boost)  
  36  4:52  Void Ray  
  40  5:29  Pylon  
  40  5:34  Pylon  
  32  5:54  Probe (Chrono Boost)  
  23  6:05  Probe (Chrono Boost), Pylon  
  23  6:09  Probe (Chrono Boost)  
  24  6:20  Probe  
  24  6:33  Probe  
  25  6:48  Probe (Chrono Boost)  
  26  6:58  Probe (Chrono Boost)  
  27  7:03  Probe (Chrono Boost)  
  28  7:35  Probe (Chrono Boost)  
  30  7:44  Probe (Chrono Boost), Pylon  
  30  7:49  Probe (Chrono Boost)  
  30  7:56  Void Ray x2  
  39  8:13  Probe  
  40  8:25  Probe  
  41  8:33  Fleet Beacon  
  41  8:37  Probe  
  38  8:49  Probe  
Show
View Real Time Build Order
Export as new Build Order

magg Terran 

Build Orders:  

Get SALT Encoding   

  12  0:01  SCV  
  13  0:13  SCV  
  14  0:17  Supply Depot  
  14  0:25  SCV  
  15  0:39  SCV  
  15  0:42  Barracks  
  16  0:47  Refinery  
  16  0:51  SCV  
  17  0:58  Refinery  
  17  1:03  SCV  
  18  1:15  SCV  
  19  1:27  SCV  
  19  1:30  Reaper  
  21  1:34  Bunker  
  21  1:41  SCV  
  22  1:55  Supply Depot  
  22  2:02  Marine  
  22  2:07  Factory  
  23  2:13  Orbital Command  
  23  2:22  Marine  
  24  2:41  Marine  
  24  2:42  Command Center  
  25  2:58  Factory Tech Lab  
  25  3:01  Starport  
  25  3:02  Marine  
  25  3:05  SCV  
  27  3:17  Siege Tank  
  30  3:23  Marine  
  31  3:34  Supply Depot  
  31  3:42  Starport Reactor  
  31  3:44  Supply Depot  
  31  3:53  SCV, Marine  
  26  4:35  Engineering Bay  
  26  4:38  Viking x2  
  28  4:40  Marine  
  29  4:54  SCV  
  29  4:57  Marine  
  21  5:10  Missile Turret  
  17  5:20  SCV  
  1  6:26  SCV  
  2  6:36  Orbital Command  
  1  7:10  SCV  
  2  7:48  Widow Mine  
  3  8:45  SCV  
Tags
 
Add a new tag
Caveats
  • Supply blocks, unpowered buildings, or Contaminate may cause inaccurate times.
  • Supply counts are checked every 10 seconds.